TOP OF THE 1ST |
San Jose Missions batting - Pitching for Las Vegas Stars : RHP Ramón Pérez
|
Pitching: RHP Ramón Pérez
|
|
Batting: RHB Emílio Bruno
|
0-0: Ball 1-0: Fly out, F9 (Flyball, 89M)
|
Batting: RHB Ed Starr
|
0-0: Ball 1-0: Called Strike 1-1: Ball 2-1: Ball 3-1: Called Strike 3-2: Base on Balls
|
Batting: RHB Dale Taylor
|
0-0: Foul Ball, location: 2F 0-1: Called Strike 0-2: Ball 1-2: Grounds into double play, 6-4-3 (Groundball, 6)
|
Top of the 1st over - 0 run(s), 0 hit(s), 0 error(s), 0 left on base; San Jose 0 - Las Vegas 0 |
BOTTOM OF THE 1ST |
Las Vegas Stars batting - Pitching for San Jose Missions : LHP Octávio Pérez
|
Pitching: LHP Octávio Pérez
|
|
Batting: LHB Fernando De La Cruz
|
0-0: Called Strike 0-1: Swinging Strike 0-2: Strikes out swinging
|
Batting: RHB José Zúñiga
|
0-0: Ball 1-0: Ball 2-0: Ball 3-0: Called Strike 3-1: Ground out 4-3 (Groundball, 4)
|
Batting: LHB Joaquín González
|
0-0: Called Strike 0-1: Called Strike 0-2: Foul Ball, location: 2F 0-2: Foul Ball, location: 2F 0-2: Ball 1-2: Ball 2-2: Ball 3-2: Foul Ball, location: 2F 3-2: Foul Ball, location: 2F 3-2: Base on Balls
|
Batting: RHB Reginaldo Jaconelli
|
0-0: Called Strike 0-1: Ball 1-1: Ball 2-1: Ball 3-1: Called Strike 3-2: Base on Balls Joaquín González to second
|
Batting: RHB Ron Shelton
|
0-0: Ball 1-0: Called Strike 1-1: Swinging Strike 1-2: Foul Ball, location: 2F 1-2: Ball 2-2: Ball 3-2: Base on Balls Joaquín González to third Reginaldo Jaconelli to second
|
Batting: SHB Héctor Barajas
|
0-0: Ball 1-0: Ground out 6-3 (Groundball, 6S)
|
Bottom of the 1st over - 0 run(s), 0 hit(s), 0 error(s), 3 left on base; San Jose 0 - Las Vegas 0 |
TOP OF THE 2ND |
San Jose Missions batting - Pitching for Las Vegas Stars : RHP Ramón Pérez
|
Batting: RHB Bob Orr
|
0-0: Called Strike 0-1: Ball 1-1: Ball 2-1: DOUBLE (Flyball, 78XD)
|
Batting: RHB Scott Merritt
|
0-0: Foul Ball, location: 2F 0-1: Foul Ball, location: 2F 0-2: Fly out, F3 (Popup, 3S)
|
Batting: RHB Chang-geun Kim
|
0-0: Called Strike 0-1: Ball 1-1: Swinging Strike 1-2: Fly out, F7 (Flyball, 78XD) Runner from 2nd tags up, SAFE at 3rd, no throw
|
Batting: LHB Miguel Montés
|
0-0: Fly out, F7 (Flyball, 7LMF)
|
Top of the 2nd over - 0 run(s), 1 hit(s), 0 error(s), 1 left on base; San Jose 0 - Las Vegas 0 |
BOTTOM OF THE 2ND |
Las Vegas Stars batting - Pitching for San Jose Missions : LHP Octávio Pérez
|
Batting: LHB Paco Rivera
|
0-0: Fly out, F9 (Flyball, 9S)
|
Batting: LHB William Wolf
|
0-0: Ball 1-0: Foul Ball, location: 2F 1-1: Ball 2-1: Called Strike 2-2: Ball 3-2: Base on Balls
|
Batting: RHB Douglas Davis
|
0-0: Ball 1-0: Ball 2-0: Ball 3-0: Base on Balls William Wolf to second
|
Batting: LHB Fernando De La Cruz
|
0-0: Swinging Strike 0-1: Called Strike 0-2: Ball 1-2: Strikes out looking
|
Batting: RHB José Zúñiga
|
0-0: Ball 1-0: Ball 2-0: Called Strike 2-1: Foul Ball, location: 2F 2-2: Ball 3-2: Foul Ball, location: 2F 3-2: Foul Ball, location: 2F 3-2: SINGLE (Groundball, 4D) William Wolf to third Douglas Davis to second William Wolf scores Douglas Davis to third
|
Batting: LHB Joaquín González
|
0-0: Ball 1-0: Called Strike 1-1: Foul Ball, location: 2F 1-2: Fielders Choice at 2nd, 4-6 (Groundball, 34)
|
Bottom of the 2nd over - 1 run(s), 1 hit(s), 0 error(s), 1 left on base; San Jose 0 - Las Vegas 1 |
TOP OF THE 3RD |
San Jose Missions batting - Pitching for Las Vegas Stars : RHP Ramón Pérez
|
Batting: RHB Armando López
|
0-0: Called Strike 0-1: Ball 1-1: Ball 2-1: DOUBLE (Flyball, 89D)
|
Batting: RHB David Crespo
|
0-0: Ball 1-0: Foul Ball, location: 2F 1-1: Foul Ball, location: 2F Balk! Armando López to third 1-2: Foul Ball, location: 2F 1-2: Ball 2-2: SINGLE (Flyball, 78M) Armando López scores
|
Batting: RHB Emílio Bruno
|
0-0: Called Strike 0-1: Called Strike 0-2: Ball 1-2: Strikes out swinging
|
Batting: RHB Ed Starr
|
0-0: Swinging Strike 0-1: Ball 1-1: Called Strike 1-2: Ball 2-2: Foul Ball, location: 2F 2-2: Ball 3-2: Fielders Choice at 2nd, 3-6 (Groundball, 34)
|
Batting: RHB Dale Taylor
|
0-0: Called Strike 0-1: Ball 1-1: Called Strike 1-2: Ball 2-2: Strikes out swinging
|
Top of the 3rd over - 1 run(s), 2 hit(s), 0 error(s), 1 left on base; San Jose 1 - Las Vegas 1 |
BOTTOM OF THE 3RD |
Las Vegas Stars batting - Pitching for San Jose Missions : LHP Octávio Pérez
|
Batting: RHB Reginaldo Jaconelli
|
0-0: Ball 1-0: Ball 2-0: Foul Ball, location: 2F 2-1: Ball 3-1: Foul Ball, location: 2F 3-2: Foul Ball, location: 2F 3-2: Base on Balls
|
Batting: RHB Ron Shelton
|
0-0: Foul Ball, location: 2F 0-1: Foul Ball, location: 2F 0-2: Foul Ball, location: 2F 0-2: Ball 1-2: 2-RUN HOME RUN (Flyball, 7D), Distance : 390 ft
|
Batting: SHB Héctor Barajas
|
0-0: Called Strike 0-1: Swinging Strike 0-2: Ball 1-2: SINGLE (Groundball, 4MD)
|
Batting: LHB Paco Rivera
|
0-0: Ball 1-0: Called Strike 1-1: Called Strike 1-2: Ball 2-2: Ball 3-2: Base on Balls Héctor Barajas to second
|
Batting: LHB William Wolf
|
0-0: Ball 1-0: Ball 2-0: Called Strike 2-1: Ground out 4-3 (Groundball, 34D) Héctor Barajas to third Paco Rivera to second
|
Batting: RHB Douglas Davis
|
0-0: Ball 1-0: Ball 2-0: Foul Ball, location: 2F 2-1: Fly out, F8 (Flyball, 8RM) Runner from 3rd tags up, SCORES, throw made
|
Batting: LHB Fernando De La Cruz
|
0-0: Swinging Strike 0-1: Ball 1-1: Called Strike 1-2: Ball 2-2: Ball 3-2: Foul Ball, location: 2F 3-2: Strikes out swinging
|
Bottom of the 3rd over - 3 run(s), 2 hit(s), 0 error(s), 1 left on base; San Jose 1 - Las Vegas 4 |
TOP OF THE 4TH |
San Jose Missions batting - Pitching for Las Vegas Stars : RHP Ramón Pérez
|
Batting: RHB Bob Orr
|
0-0: Ball 1-0: Ball 2-0: Foul Ball, location: 2F 2-1: SINGLE (Flyball, 8RS)
|
Batting: RHB Scott Merritt
|
0-0: Ball 1-0: Grounds into double play, 6-4-3 (Groundball, 6)
|
Batting: RHB Chang-geun Kim
|
0-0: Foul Ball, location: 2F 0-1: Ball 1-1: Foul Ball, location: 2F 1-2: Ball 2-2: Ball 3-2: Foul Ball, location: 2F 3-2: Fly out, F8 (Flyball, 8RM)
|
Top of the 4th over - 0 run(s), 1 hit(s), 0 error(s), 0 left on base; San Jose 1 - Las Vegas 4 |
BOTTOM OF THE 4TH |
Las Vegas Stars batting - Pitching for San Jose Missions : LHP Octávio Pérez
|
Pitching: RHP Micheal Wood
|
|
Batting: RHB José Zúñiga
|
0-0: Ball 1-0: Ball 2-0: Swinging Strike 2-1: SINGLE (Line Drive, 78S)
|
Batting: LHB Joaquín González
|
0-0: Ball 1-0: Ball 2-0: Ball 3-0: Called Strike 3-1: Fly out, F8 (Flyball, 8LS)
|
Batting: RHB Reginaldo Jaconelli
|
0-0: Ball 1-0: Ball 2-0: Ball 3-0: Hit by Pitch José Zúñiga to second
|
Batting: RHB Ron Shelton
|
0-0: Ball 1-0: Called Strike 1-1: Grounds into double play, 6-4-3 (Groundball, 6)
|
Bottom of the 4th over - 0 run(s), 1 hit(s), 0 error(s), 1 left on base; San Jose 1 - Las Vegas 4 |
TOP OF THE 5TH |
San Jose Missions batting - Pitching for Las Vegas Stars : RHP Ramón Pérez
|
Batting: LHB Miguel Montés
|
0-0: Called Strike 0-1: Swinging Strike 0-2: Ball 1-2: Ball 2-2: Ball 3-2: Fly out, F8 (Line Drive, 8RM)
|
Batting: RHB Armando López
|
0-0: Ball 1-0: Swinging Strike 1-1: Ball 2-1: Foul Ball, location: 2F 2-2: Ball 3-2: Strikes out looking
|
Batting: RHB David Crespo
|
0-0: Ball 1-0: Swinging Strike 1-1: Ball 2-1: Swinging Strike 2-2: Foul Ball, location: 2F 2-2: Reached on error, E5 (Groundball, 56S)
|
Batting: RHB Emílio Bruno
|
0-0: Foul Ball, location: 2F 0-1: Fielders Choice at 2nd, 4-6 (Groundball, 34)
|
Top of the 5th over - 0 run(s), 0 hit(s), 1 error(s), 0 left on base; San Jose 1 - Las Vegas 4 |
BOTTOM OF THE 5TH |
Las Vegas Stars batting - Pitching for San Jose Missions : RHP Micheal Wood
|
Batting: SHB Héctor Barajas
|
0-0: Ball 1-0: Ball 2-0: Called Strike 2-1: Fly out, F8 (Flyball, 8LS)
|
Batting: LHB Paco Rivera
|
0-0: Ball 1-0: Foul Ball, location: 2F 1-1: Swinging Strike 1-2: Ball 2-2: Ball 3-2: Foul Ball, location: 2F 3-2: Base on Balls
|
Batting: LHB William Wolf
|
0-0: Foul Ball, location: 2F 0-1: Foul Ball, location: 2F 0-2: Ball 1-2: Ball 2-2: SINGLE (Flyball, 9LM) Paco Rivera to second Runner from 2nd tries for 3rd, SAFE, throw made to third
|
Batting: RHB Douglas Davis
|
0-0: Ball 1-0: Called Strike 1-1: Ball 2-1: Swinging Strike 2-2: Strikes out looking
|
Batting: LHB Fernando De La Cruz
|
0-0: Ball 1-0: Foul Ball, location: 2F 1-1: Ball 2-1: 3-RUN HOME RUN (Flyball, 8RXD), Distance : 432 ft
|
Pitching: RHP Mark Bidwell
|
|
Batting: RHB José Zúñiga
|
0-0: Ball 1-0: Ball 2-0: Ball 3-0: Swinging Strike 3-1: Base on Balls
|
Batting: LHB Joaquín González
|
0-0: Ball 1-0: Foul Ball, location: 2F 1-1: Fly out, F7 (Flyball, 7)
|
Bottom of the 5th over - 3 run(s), 2 hit(s), 0 error(s), 1 left on base; San Jose 1 - Las Vegas 7 |
TOP OF THE 6TH |
San Jose Missions batting - Pitching for Las Vegas Stars : RHP Ramón Pérez
|
Pitching: RHP Kyoshi Asano
|
|
Batting: RHB Ed Starr
|
0-0: Ball 1-0: Ball 2-0: Foul Ball, location: 2F 2-1: Swinging Strike 2-2: Strikes out swinging
|
Batting: RHB Dale Taylor
|
0-0: Called Strike 0-1: Ball 1-1: Foul Ball, location: 2F 1-2: Ball 2-2: Strikes out swinging
|
Batting: RHB Bob Orr
|
0-0: Ball 1-0: Ball 2-0: DOUBLE (Line Drive, 5D)
|
Batting: RHB Scott Merritt
|
0-0: Ball 1-0: SINGLE (Line Drive, 56) Bob Orr to third Runner from 3rd tries for Home, SAFE, no throw
|
Batting: RHB Chang-geun Kim
|
0-0: Ball Scott Merritt steals 2nd base 1-0: Ball 2-0: Called Strike 2-1: Ball 3-1: Base on Balls
|
Batting: LHB Miguel Montés
|
0-0: Ball 1-0: Ball 2-0: Ball 3-0: Called Strike 3-1: Base on Balls Scott Merritt to third Chang-geun Kim to second
|
Batting: RHB Armando López
|
0-0: Called Strike 0-1: Called Strike 0-2: Ball 1-2: Ground out 6-3 (Groundball, 6S)
|
Top of the 6th over - 1 run(s), 2 hit(s), 0 error(s), 3 left on base; San Jose 2 - Las Vegas 7 |
BOTTOM OF THE 6TH |
Las Vegas Stars batting - Pitching for San Jose Missions : RHP Mark Bidwell
|
Batting: RHB Reginaldo Jaconelli
|
0-0: Foul Ball, location: 2F 0-1: Fly out, F9 (Flyball, 9)
|
Batting: RHB Ron Shelton
|
0-0: Fly out, F8 (Flyball, 8RM)
|
Batting: SHB Héctor Barajas
|
0-0: Ball 1-0: Ground out 1-3 (Groundball, 15S)
|
Bottom of the 6th over - 0 run(s), 0 hit(s), 0 error(s), 0 left on base; San Jose 2 - Las Vegas 7 |
TOP OF THE 7TH |
San Jose Missions batting - Pitching for Las Vegas Stars : RHP Kyoshi Asano
|
Batting: RHB David Crespo
|
0-0: Reached on error, E5 (Groundball, 56)
|
Batting: RHB Emílio Bruno
|
0-0: SINGLE (Flyball, 9LS) David Crespo to second Runner from 2nd tries for 3rd, SAFE, no throw
|
Batting: RHB Ed Starr
|
0-0: Called Strike Emílio Bruno is caught stealing 2nd base 0-1: Called Strike 0-2: Ball 1-2: Ball 2-2: SINGLE (Groundball, 56S) (infield hit) David Crespo scores
|
Pitching: RHP Andrés Macías
|
|
Batting: RHB Dale Taylor
|
0-0: Ball 1-0: Called Strike 1-1: Swinging Strike 1-2: Fly out, F7 (Flyball, 78S)
|
Batting: RHB Bob Orr
|
0-0: Ball 1-0: Ball 2-0: Called Strike 2-1: Foul Ball, location: 2F 2-2: Foul Ball, location: 2F 2-2: Ball 3-2: Fly out, F9 (Flyball, 9S)
|
Top of the 7th over - 1 run(s), 2 hit(s), 1 error(s), 1 left on base; San Jose 3 - Las Vegas 7 |
BOTTOM OF THE 7TH |
Las Vegas Stars batting - Pitching for San Jose Missions : RHP Mark Bidwell
|
Batting: LHB Paco Rivera
|
0-0: Ball 1-0: Fly out, F4 (Line Drive, 4)
|
Batting: LHB William Wolf
|
0-0: Called Strike 0-1: Foul Ball, location: 2F 0-2: Ball 1-2: Strikes out swinging
|
Batting: RHB Douglas Davis
|
0-0: Ball 1-0: Ball 2-0: SINGLE (Line Drive, 34)
|
Batting: LHB Fernando De La Cruz
|
0-0: Foul Ball, location: 2F 0-1: Ball 1-1: Foul Ball, location: 2F 1-2: Foul Ball, location: 2F 1-2: Ball 2-2: Fly out, F8 (Flyball, 8RXD)
|
Bottom of the 7th over - 0 run(s), 1 hit(s), 0 error(s), 1 left on base; San Jose 3 - Las Vegas 7 |
TOP OF THE 8TH |
San Jose Missions batting - Pitching for Las Vegas Stars : RHP Andrés Macías
|
Batting: RHB Scott Merritt
|
0-0: Called Strike 0-1: Fly out, F4 (Popup, 4D)
|
Batting: RHB Chang-geun Kim
|
0-0: Called Strike 0-1: Foul Ball, location: 2F 0-2: Strikes out swinging
|
Batting: LHB Miguel Montés
|
0-0: Ball 1-0: SINGLE (Groundball, 4D)
|
Batting: RHB Armando López
|
0-0: Fly out, F4 (Popup, 4D)
|
Top of the 8th over - 0 run(s), 1 hit(s), 0 error(s), 1 left on base; San Jose 3 - Las Vegas 7 |
BOTTOM OF THE 8TH |
Las Vegas Stars batting - Pitching for San Jose Missions : RHP Mark Bidwell
|
Batting: RHB José Zúñiga
|
0-0: SINGLE (Flyball, 9LS)
|
Batting: LHB Joaquín González
|
0-0: Ball 1-0: Ball 2-0: Ball 3-0: Called Strike 3-1: Foul Ball, location: 2F 3-2: Base on Balls José Zúñiga to second
|
Batting: RHB Reginaldo Jaconelli
|
0-0: Called Strike 0-1: Ball 1-1: Foul Ball, location: 2F 1-2: SINGLE (Groundball, 6D) José Zúñiga to third Joaquín González to second
|
Batting: RHB Ron Shelton
|
0-0: Ball 1-0: Foul Ball, location: 2F 1-1: SINGLE (Groundball, 34D) José Zúñiga scores Joaquín González to third Reginaldo Jaconelli to second Runner from 3rd tries for Home, SAFE, no throw
|
Batting: SHB Héctor Barajas
|
0-0: Foul Ball, location: 2F 0-1: Swinging Strike 0-2: Ball 1-2: Foul Ball, location: 2F 1-2: Ball 2-2: Foul Ball, location: 2F 2-2: Foul Ball, location: 2F 2-2: Ball 3-2: Foul Ball, location: 2F 3-2: Base on Balls Reginaldo Jaconelli to third Ron Shelton to second
|
Pitching: RHP Miguel García
|
|
Batting: LHB Paco Rivera
|
0-0: Ball 1-0: SINGLE (Flyball, 6MD) Reginaldo Jaconelli scores Ron Shelton to third Héctor Barajas to second Runner from 3rd tries for Home, SAFE, throw made home
|
Batting: LHB William Wolf
|
0-0: Fielders Choice at 2nd, 1-6 (Groundball, P) Héctor Barajas to third
|
Batting: RHB Douglas Davis
|
0-0: Called Strike 0-1: Ball 1-1: Fly out, F8 (Flyball, 8RD) Runner from 3rd tags up, SCORES, no throw
|
Batting: LHB Fernando De La Cruz
|
0-0: Foul Ball, location: 2F 0-1: Swinging Strike 0-2: Ball 1-2: Strikes out swinging
|
Bottom of the 8th over - 5 run(s), 4 hit(s), 0 error(s), 1 left on base; San Jose 3 - Las Vegas 12 |
TOP OF THE 9TH |
San Jose Missions batting - Pitching for Las Vegas Stars : RHP Andrés Macías
|
Batting: RHB David Crespo
|
0-0: Foul Ball, location: 2F 0-1: Ball 1-1: Foul Ball, location: 2F 1-2: Strikes out swinging
|
Batting: RHB Emílio Bruno
|
0-0: Called Strike 0-1: Swinging Strike 0-2: Foul Ball, location: 2F 0-2: Ball 1-2: Ball 2-2: Ball 3-2: Reached on error, E6 (Groundball, 6)
|
Batting: RHB Ed Starr
|
0-0: Called Strike 0-1: Ball 1-1: Foul Ball, location: 2F 1-2: Ball 2-2: Ball 3-2: Base on Balls
|
Batting: RHB Dale Taylor
|
0-0: Grounds into double play, 5-4-3 (Groundball, 5)
|
Top of the 9th over - 0 run(s), 0 hit(s), 1 error(s), 1 left on base; San Jose 3 - Las Vegas 12 |
|